Map: Jagannatha LE

Players

Srade - Winner!

  • Race: Zerg Zerg
  • League: Grandmaster
  • Spawn Location: 7:00

Linley

  • Race: Protoss Protoss
  • League: Grandmaster
  • Spawn Location: 1:00

VOD

Have the link to the VOD?

Description

Time

  • Played on: Nov. 1, 2020, 9:02 a.m.
  • Length: 11:08
Show
View Real Time Build Order
Export as new Build Order

Srade Zerg - Winner!

Build Orders: Hatch First 

Get SALT Encoding   

  12  0:00  Drone  
  13  0:13  Overlord  
  13  0:20  Drone  
  14  0:32  Drone x2  
  16  0:48  Hatchery  
  15  0:52  Drone  
  15  0:55  Drone  
  17  0:58  Drone  
  18  1:10  Extractor  
  17  1:15  Spawning Pool  
  17  1:18  Drone  
  17  1:21  Drone  
  18  1:29  Drone  
  19  1:40  Drone  
  20  1:51  Overlord  
  20  2:01  Queen  
  20  2:02  Queen  
  20  2:03  Zergling x4  
  26  2:11  Drone  
  26  2:13  Drone, Metabolic Boost  
  28  2:23  Drone  
  28  2:26  Drone  
  30  2:35  Hatchery  
  29  2:39  Drone  
  29  2:43  Overlord  
  30  2:48  Queen  
  32  2:52  Drone  
  32  2:55  Drone  
  32  2:56  Drone  
  35  3:03  Drone  
  36  3:05  Drone  
  37  3:18  Drone x3  
  37  3:19  Overlord  
  39  3:24  Queen  
  41  3:28  Drone, Spore Crawler  
  41  3:30  Zergling x4  
  44  3:41  Zergling x4  
  45  3:51  Zergling x6  
  45  3:52  Spore Crawler  
  47  3:58  Drone  
  47  3:59  Drone x6  
  54  4:06  Overlord x2  
  54  4:15  Drone x3  
  54  4:25  Drone x3  
  54  4:27  Drone x3  
  59  4:33  Extractor x2  
  59  4:34  Roach Warren  
  56  4:38  Lair  
  56  4:42  Drone x6  
  56  4:44  Baneling Nest  
  58  4:51  Spore Crawler  
  58  4:52  Queen  
  59  4:53  Overlord, Zergling x2  
  59  4:54  Zergling x2  
  61  5:02  Zergling x12  
  61  5:06  Overlord  
  61  5:07  Drone x2  
  69  5:08  Drone  
  69  5:09  Drone  
  69  5:12  Overlord  
  71  5:15  Drone x2  
  71  5:17  Drone  
  74  5:24  Evolution Chamber  
  73  5:38  Centrifical Hooks, Glial Reconstitution  
  73  5:40  Drone x3  
  73  5:42  Hatchery  
  75  5:45  Spore Crawler  
  73  5:55  Drone x7  
  73  5:56  Drone x3  
  80  5:58  Drone x2  
  80  6:01  Zerg Melee Weapons Level 1  
  81  6:07  Hydralisk Den  
  80  6:12  Overlord x2  
  80  6:15  Extractor  
  79  6:21  Drone  
  79  6:22  Drone x5  
  79  6:23  Extractor  
  79  6:25  Overlord x2, Extractor  
  83  6:28  Pneumatized Carapace, Evolution Chamber  
  82  6:42  Grooved Spines  
  82  6:43  Overseer  
  82  6:44  Overlord  
  82  6:45  Hydralisk x4  
  90  6:59  Hydralisk  
  90  7:00  Hydralisk x4  
  99  7:08  Overlord x2, Hydralisk  
  98  7:09  Hydralisk x2  
  98  7:13  Overseer  
  98  7:14  Drone x8  
  112  7:25  Overlord x2  
  112  7:38  Zergling x30  
  127  7:44  Zerg Missile Weapons Level 1, Infestation Pit  
  127  7:47  Drone  
  127  7:52  Hatchery  
  127  7:56  Zerg Melee Weapons Level 2  
  127  7:58  Muscular Augments  
  126  7:59  Drone x9  
  126  8:01  Extractor  
  134  8:09  Baneling x3  
  134  8:18  Drone x5  
  134  8:19  Overlord x3, Overseer, Extractor  
  138  8:21  Hydralisk x4  
  146  8:31  Baneling x3  
  146  8:38  Drone  
  146  8:40  Hive  
  147  8:41  Overseer x2  
  147  8:42  Spire  
  147  8:47  Hydralisk x3  
  151  8:48  Zergling x12  
  151  8:49  Zergling x6  
  158  8:55  Overlord  
  158  8:56  Overlord x3  
  158  8:59  Overlord x2  
  158  9:02  Extractor  
  158  9:04  Extractor  
  158  9:05  Overseer  
  156  9:14  Baneling x5  
  156  9:15  Baneling x24  
  156  9:16  Baneling x2, Zergling x2  
  157  9:17  Zergling x10  
  162  9:31  Zergling x30  
  177  9:39  Lurker Den  
  133  10:08  Zergling x32  
  133  10:09  Zergling x16  
  145  10:24  Zergling x2  
  145  10:25  Zergling x26  
  140  10:37  Zergling x2  
  140  10:38  Zergling x16  
Show
View Real Time Build Order
Export as new Build Order

Linley Protoss 

Build Orders: 1 Gate Expand, Oracle Opening, Zealot Archon 

Get SALT Encoding   

  12  0:00  Probe  
  13  0:12  Probe  
  14  0:20  Pylon  
  14  0:24  Probe  
  15  0:38  Gateway, Probe (Chrono Boost)  
  16  0:48  Assimilator  
  16  0:49  Probe (Chrono Boost)  
  17  0:54  Probe (Chrono Boost)  
  18  1:04  Probe  
  19  1:16  Probe  
  20  1:25  Nexus  
  20  1:35  Cybernetics Core  
  20  1:38  Probe  
  21  1:44  Assimilator  
  21  1:50  Probe  
  22  1:55  Pylon  
  22  2:03  Probe  
  23  2:10  Adept (Chrono Boost)  
  23  2:15  Probe  
  26  2:20  Stargate  
  26  2:27  Probe (Chrono Boost)  
  26  2:29  Warp Gate  
  27  2:33  Adept  
  29  2:38  Probe (Chrono Boost)  
  29  2:40  Probe (Chrono Boost)  
  31  2:47  Probe (Chrono Boost)  
  31  2:48  Probe (Chrono Boost)  
  33  2:52  Probe (Chrono Boost)  
  34  3:01  Probe  
  34  3:03  Oracle (Chrono Boost)  
  34  3:05  Probe  
  39  3:13  Probe  
  39  3:14  Pylon  
  40  3:20  Probe  
  40  3:24  Gateway  
  40  3:25  Probe  
  42  3:30  Oracle (Chrono Boost)  
  42  3:32  Adept, Probe  
  48  3:38  Probe  
  49  3:44  Probe  
  50  3:50  Probe  
  50  3:53  Pylon  
  51  3:56  Probe  
  51  4:02  Probe  
  53  4:05  Nexus  
  53  4:11  Probe  
  53  4:15  Pylon  
  53  4:22  Void Ray (Chrono Boost)  
  51  4:26  Adept x2  
  51  4:31  Probe  
  56  4:33  Twilight Council  
  56  4:35  Assimilator  
  56  4:36  Forge  
  56  4:38  Probe  
  57  4:39  Assimilator  
  57  4:44  Probe  
  58  4:47  Sentry  
  58  4:48  Adept  
  62  4:53  Probe  
  62  4:56  Nexus, Probe  
  64  5:02  Pylon  
  64  5:05  Probe  
  65  5:08  Shield Battery, Probe  
  65  5:09  Charge  
  65  5:12  Protoss Ground Weapons Level 1  
  66  5:17  Probe  
  66  5:20  Gateway  
  66  5:21  Probe  
  68  5:26  Gateway  
  68  5:29  Probe  
  68  5:33  Probe  
  70  5:40  Zealot  
  70  5:41  Probe, Sentry  
  75  5:45  Probe  
  76  5:53  Probe  
  69  5:57  Probe  
  70  6:05  Probe  
  70  6:09  Probe  
  72  6:14  Gateway x2  
  72  6:18  Templar Archives, Probe  
  73  6:21  Probe  
  73  6:22  Probe  
  73  6:24  Assimilator  
  73  6:25  Assimilator  
  75  6:28  Templar Archives  
  75  6:29  Gateway  
  75  6:30  Probe  
  75  6:31  Gateway  
  75  6:32  Gateway  
  76  6:33  Probe  
  76  6:34  Probe  
  78  6:41  Pylon  
  78  6:42  Probe  
  78  6:45  Probe  
  78  6:46  Probe  
  81  6:52  Psionic Storm, Robotics Facility  
  81  6:54  Pylon, Probe  
  81  6:57  Zealot, Probe  
  81  6:58  Zealot, Probe  
  87  7:06  Probe  
  87  7:07  High Templar x2  
  92  7:09  Probe  
  92  7:10  Probe, High Templar x2  
  92  7:12  Pylon  
  92  7:13  Archon  
  98  7:18  Photon Cannon, Probe  
  98  7:19  Photon Cannon  
  98  7:21  Photon Cannon, Protoss Ground Weapons Level 2 (Chrono Boost)  
  99  7:23  Zealot x2  
  99  7:26  Pylon  
  103  7:37  High Templar x2  
  103  7:38  Nexus  
  103  7:39  Shield Battery  
  107  7:44  Photon Cannon  
  107  7:51  Probe  
  108  7:52  Pylon  
  108  7:54  Zealot x2, High Templar  
  108  7:55  Pylon  
  108  7:57  Observer (Chrono Boost)  
  115  8:09  Probe  
  115  8:10  Assimilator  
  116  8:15  Assimilator  
  116  8:18  Probe x2  
  116  8:19  High Templar x2  
  122  8:24  Shield Battery  
  122  8:25  Stalker x3  
  122  8:26  Stalker  
  130  8:27  Shield Battery  
  130  8:29  Shield Battery  
  130  8:32  Immortal (Chrono Boost)  
  130  8:33  Photon Cannon  
  130  8:34  Probe  
  135  8:53  Probe  
  135  8:54  Archon  
  136  8:56  High Templar x3  
  136  9:00  Photon Cannon  
  136  9:01  Photon Cannon, Archon  
  142  9:03  Photon Cannon, Immortal (Chrono Boost)  
  142  9:05  High Templar  
  148  9:18  High Templar x2  
  148  9:22  Archon  
  152  9:27  Zealot x2  
  152  9:30  Pylon  
  156  9:33  Pylon  
  156  9:35  Pylon  
  156  9:36  Pylon  
  156  9:39  Fleet Beacon  
  156  9:40  Stargate  
  156  9:43  Stargate  
  156  9:46  Probe  
  156  9:48  Probe x3  
  156  9:52  Zealot x4  
  133  9:54  Zealot x5  
  133  9:58  Probe  
  117  10:00  Immortal  
  105  10:12  Zealot x4  
  101  10:14  Zealot  
  101  10:15  Zealot  
  101  10:17  Void Ray  
  101  10:19  Probe x2  
  96  10:25  High Templar x2  
  96  10:28  Probe x2  
  93  10:30  High Templar  
  93  10:33  High Templar, Probe  
  91  10:37  Zealot x2  
  91  10:39  Archon  
  91  10:41  Zealot, Archon  
  93  10:43  Zealot  
  93  10:49  Zealot  
  82  10:58  Zealot x3  
Tags
 
Add a new tag
Caveats
  • Supply blocks, unpowered buildings, or Contaminate may cause inaccurate times.
  • Supply counts are checked every 10 seconds.